 Dungeon Crawl Stone Soup version 0.21.1-1-g345015fe64 (webtiles) character file.

532 DildoBatman the Skirmisher (level 7, 56/56 HPs)
             Began as a Formicid Enchanter on Mar 6, 2018.
             Starved to death
             ... while paralysed
             ... in a sewer.
             The game lasted 00:17:56 (12170 turns).

DildoBatman the Skirmisher (Formicid Enchanter)    Turns: 12170, Time: 00:17:56

Health: 56/56      AC:  8    Str: 14    XL:     7   Next: 49%
Magic:  10/10      EV:  2    Int: 13    God:
Gold:   240        SH:  0    Dex: 11    Spells: 6/10 levels left

rFire    . . .     SeeInvis +   a - +4 falchion
rCold    . . .     Gourm    .   (no shield)
rNeg     . . .     Faith    .   f - +0 ring mail
rPois    .         Spirit   +   (helmet unavailable)
rElec    .         Reflect  .   B - +0 cloak
rCorr    .         Harm     .   r - +0 pair of gloves
MR       .....                  (no boots)
Stlth    ++........             A - amulet of guardian spirit
HPRegen  0.18/turn              j - -2 ring of intelligence (curse)
MPRegen  0.12/turn              (no ring)

@: paralysed, fainting
A: permanent stasis, dig shafts and tunnels, four strong arms, antennae 3
a: Dig, Shaft Self


You were in a sewer.
You were fainting.

You visited 1 branch of the dungeon, and saw 5 of its levels.
You also visited: Sewer.

You collected 240 gold pieces.

Inventory:

Hand Weapons
 a - a +4 falchion (weapon)
 b - a +0 dagger of venom
 c - a +0 hunting sling
 d - a +1 dagger
Missiles
 e - a throwing net
 g - 4 tomahawks (quivered)
 k - 58 arrows
 p - 20 bolts
 q - 15 poisoned needles
 w - 32 stones
Armour
 f - a +0 ring mail (worn)
 r - a +0 pair of gloves (worn)
 B - a +0 cloak (worn)
Jewellery
 j - a cursed -2 ring of intelligence (left hand)
 A - an amulet of guardian spirit (around neck)
Scrolls
 o - a scroll of amnesia {unknown}
 y - a scroll of enchant weapon {unknown}
 C - 4 scrolls of teleportation
 D - 2 scrolls of fog
 F - 3 scrolls of magic mapping
Potions
 h - 3 potions of heal wounds
 l - a potion of agility {unknown}
 m - a potion of berserk rage {unknown}
 n - a potion of haste {unknown}
 s - 2 potions of might
 t - 2 potions of curing
 G - a potion of magic {unknown}
 H - a potion of brilliance {unknown}
Books
 u - a book of Maledictions

   Spells                             Type                      Level
   a - Corona                         Hexes                        1
   b - Ensorcelled Hibernation        Hexes/Ice                    2
   c - Confuse                        Hexes                        3
   d - Tukima's Dance                 Hexes                        3
   e - Dazzling Spray                 Conjuration/Hexes            3


   Skills:
 * Level 5.4 Fighting
 - Level 1.0 Short Blades
 - Level 4.0 Armour
 - Level 3.0 Dodging
 - Level 5.0 Stealth
 - Level 2.1 Spellcasting
 - Level 3.6 Hexes


You had 6 spell levels left.
You knew the following spells:

 Your Spells              Type           Power        Failure   Level  Hunger
a - Corona                Hex            ##.....      11%         1    ##.....
b - Confuse               Hex            ##......     32%         3    ####...


Dungeon Overview and Level Annotations

Branches:
Dungeon (5/15)
 Temple: D:4-7

Altars:
Dithmenos

Annotations:
D:3 Bl4ck5t4R's ghost, amateur GrFi
D:4 exclusion: ogre


Innate Abilities, Weirdness & Mutations

You cannot be hasted, slowed, berserked, paralysed or teleported.
You can dig through walls and to a lower floor.
Your four strong arms can wield two-handed weapons with a shield.
You have a pair of large antennae on your head. (SInv)


Message History

You're too hungry to rest.
You're too hungry to rest.
You're too hungry to rest.
You're too hungry to rest.
You're too hungry to rest.
You're too hungry to rest.
You're too hungry to rest.
You're too hungry to rest.
You're too hungry to rest.
You're too hungry to rest.
You're too hungry to rest.
You're too hungry to rest.
You are fainting from starvation!
You lose consciousness!
You can move again.
You lose consciousness!
You can move again.
You lose consciousness!
You have starved to death.
You die...

..≈...≈.≈≈.≈≈≈≈≈≈≈≈≈≈≈≈.≈..≈≈≈..≈
.≈...≈.≈..≈≈≈≈≈≈≈≈≈≈≈........≈≈.≈
#########################.#######
# ##.# ###,#.................
#####.## #.#≈#.######.###..####
..##.## ###.#,#.......####.##.#
#.#.######...#{#.#########.#..##
.#..##....##.#≈#.# ##.######.#
###...######.#≈#@# ##.#.#....##
##.#### #.#≈#.# ##.#.#.####.#
#.## ###≈#.# #.#####.# ###
##########################.######
..≈≈≈.≈≈..≈.≈.≈≈≈≈≈≈≈≈≈≈≈≈.≈≈...≈
.≈......≈≈≈≈≈≈≈≈≈≈≈≈..≈≈≈≈≈.≈≈≈.≈
##############.##################
##%# #.# #....... #.## #≈#
##.##.##


There were no monsters in sight!

Vanquished Creatures
  A scorpion (D:4)
  A bullfrog skeleton (D:4)
  6 worker ants
  A gnoll (D:1)
  8 adders
  14 river rats
  An adder skeleton (D:4)
  3 worms
  2 leopard geckos
  8 orcs
  4 ball pythons
  9 bats
  7 giant cockroaches
  3 goblins
  6 hobgoblins
  4 jackals (D:3)
  3 quokkas
  9 frilled lizards
  3 kobolds
  20 rats
113 creatures vanquished.

Notes
Turn   | Place    | Note
-------+----------+-------------------------------------------
     0 | D:1      | DildoBatman the Formicid Enchanter began the quest for the Orb.
     0 | D:1      | Reached XP level 1. HP: 13/13 MP: 3/3
   130 | D:1      | Reached skill level 1 in Fighting
   384 | D:1      | Reached XP level 2. HP: 20/22 MP: 3/5
  1154 | D:1      | Reached XP level 3. HP: 13/28 MP: 4/6
  1159 | D:1      | Learned a level 3 spell: Confuse
  1929 | D:2      | Reached XP level 4. HP: 35/35 MP: 4/7
  1940 | D:2      | Reached skill level 1 in Armour
  1973 | D:2      | Found a shadowy altar of Dithmenos.
  2110 | D:3      | Noticed Bl4ck5t4R's ghost (amateur GrFi)
  2224 | D:3      | Reached XP level 5. HP: 22/41 MP: 5/8
  2971 | D:3      | You fall through a shaft!
  3099 | D:4      | Reached XP level 6. HP: 25/48 MP: 2/9
  3768 | D:4      | Noticed an ogre
  4175 | D:5      | Entered Level 5 of the Dungeon
  4246 | D:5      | Reached XP level 7. HP: 54/55 MP: 6/10
  4376 | D:5      | Found a glowing drain.
  4401 | Sewer    | Entered a sewer
  4717 | Sewer    | Reached skill level 5 in Stealth
  5294 | Sewer    | Reached skill level 5 in Fighting
 12101 | Sewer    | Paralysed by fainting for 6 turns
 12143 | Sewer    | Paralysed by fainting for 7 turns
 12164 | Sewer    | Paralysed by fainting for 10 turns
 12170 | Sewer    | Starved to death

Skill      XL: |  1  2  3  4  5  6  7 |
---------------+----------------------+-----
Fighting       | 1 2 3 4 5 |  5.4
Dodging        | 2 3 |  3.0
Armour         | 2 3 4 |  4.0
Stealth        | 4 5 |  5.0
Short Blades   | |  1.0
Spellcasting   | |  2.1
Hexes          | |  3.6

Action                   |  1- 3 |  4- 6 |  7- 9 || total
-------------------------+-------+-------+-------++-------
Melee: Dagger            |   124 |   190 |    62 ||   376
       Falchion          |       |       |    59 ||    59
 Fire: Hunting sling     |     2 |     5 |       ||     7
Throw: Throwing net      |     2 |       |       ||     2
       Tomahawk          |     1 |       |       ||     1
 Cast: Corona            |    36 |    49 |    24 ||   109
       Confuse           |       |       |     1 ||     1
 Abil: Dig               |     3 |     1 |    22 ||    26
  Use: Scroll            |       |       |    10 ||    10
       Potion            |       |       |     1 ||     1
 Stab: Sleeping          |     1 |     1 |     4 ||     6
  Eat: Chunk             |     5 |     8 |     9 ||    22
       Ration            |       |       |     9 ||     9
Armor: Robe              |    13 |       |       ||    13
       Ring mail         |    49 |    65 |    29 ||   143
Dodge: Dodged            |    94 |   101 |    56 ||   251
       Rpst.: Falchion   |       |       |     6 ||     6
